[Event "FIDE World Rapid-ch Open 2018"]
[White "Vishnu Prasanna. V"]
[Black "Salem, A.R. Saleh"]
[Site "St. Petersburg"]
[Round "1.39"]
[Annotator "ChessBase"]
[Result "1/2-1/2"]
[Date "2018.12.26"]
[WhiteElo "2518"]
[BlackElo "2660"]
[PlyCount "55"]
[TimeControl "900+10"]

1. Nf3 c5 2. c4 Nf6 3. g3 d5 4. cxd5 Nxd5 5. Bg2 Nc6 6. d4 cxd4 7. Nxd4 Ndb4 8. Nxc6 Qxd1+ 9. Kxd1 Nxc6 10. Nc3 Bd7 11. Be3 Rc8 12. Rc1 g6 13. Ke1 Bg7 14. f4 b6 15. Kf2 Na5 16. Nd5 Nc4 17. b3 Nxe3 18. Kxe3 Rxc1 19. Rxc1 e6 20. Nb4 Bf8 21. Nd3 Bd6 22. Bc6 Bxc6 23. Rxc6 Kd7 24. Rc4 h6 25. a4 g5 26. Kf3 gxf4 27. gxf4 Rg8 28. Rc1 1/2-1/2

[Event "FIDE World Rapid-ch Open 2018"]
[White "Zubov, Alexander"]
[Black "Makarov, Marat"]
[Site "St. Petersburg"]
[Round "1.40"]
[Annotator "ChessBase"]
[Result "1-0"]
[Date "2018.12.26"]
[WhiteElo "2597"]
[BlackElo "2505"]
[PlyCount "97"]
[TimeControl "900+10"]

1. d4 Nf6 2. c4 d6 3. Nc3 c6 4. e4 e5 5. Nf3 Nbd7 6. Be2 Be7 7. 0-0 0-0 8. Be3 Re8 9. d5 Nf8 10. Ne1 Ng6 11. Nd3 h6 12. Re1 Bd7 13. Rc1 c5 14. a3 Nh7 15. Bg4 Bg5 16. g3 Bxe3 17. Rxe3 Rf8 18. b4 b6 19. Bf5 Bxf5 20. exf5 Ne7 21. g4 g6 22. f4 f6 23. fxg6 Nxg6 24. f5 Ne7 25. Nf2 cxb4 26. axb4 a5 27. bxa5 bxa5 28. Nce4 a4 29. Ra3 Ng5 30. Nxg5 hxg5 31. Rxa4 Rxa4 32. Qxa4 Qb6 33. Qd7 Nc8 34. Kg2 Qb2 35. Re1 Nb6 36. Qe6+ Kg7 37. Qxd6 Rf7 38. Qc6 Ra7 39. Qb5 Qxb5 40. cxb5 Nxd5 41. Rb1 Rb7 42. Ne4 Rb6 43. Kf2 Kf7 44. Ke2 Nc7 45. Nc3 Ke7 46. Kd3 Rd6+ 47. Kc2 Na8 48. b6 Rd8 49. b7 1-0

[Event "FIDE World Rapid-ch Open 2018"]
[White "Dzhumagaliev, Yan"]
[Black "Fridman, Daniel"]
[Site "St. Petersburg"]
[Round "1.41"]
[Annotator "ChessBase"]
[Result "0-1"]
[Date "2018.12.26"]
[WhiteElo "2410"]
[BlackElo "2633"]
[PlyCount "78"]
[TimeControl "900+10"]

1. d4 d5 2. c4 e6 3. Nf3 Nf6 4. g3 Bb4+ 5. Bd2 a5 6. Bg2 0-0 7. 0-0 c6 8. Qc2 Nbd7 9. Bf4 Be7 10. Rc1 Ne4 11. Nfd2 f5 12. Nxe4 fxe4 13. Qd2 Bb4 14. Nc3 Nb6 15. b3 Be7 16. Na4 Nd7 17. f3 exf3 18. exf3 Bf6 19. Rab1 e5 20. dxe5 Nxe5 21. Re1 Bf5 22. Bxe5 Bxe5 23. Rbd1 Bd6 24. Qd4 Bb4 25. Re2 Qd6 26. Kh1 Rae8 27. Rxe8 Rxe8 28. cxd5 Qxd5 29. Qxd5+ cxd5 30. f4 d4 31. Bf3 b5 32. Nb6 Bh3 33. Nd5 Bc5 34. b4 axb4 35. Nc7 Re3 36. Bd5+ Kf8 37. Na6 d3 38. Nxc5 d2 39. Kg1 Re1+ 0-1

[Event "FIDE World Rapid-ch Open 2018"]
[White "Riazantsev, Alexander"]
[Black "Rashkovsky, Nukhim N"]
[Site "St. Petersburg"]
[Round "1.42"]
[Annotator "ChessBase"]
[Result "1-0"]
[Date "2018.12.26"]
[WhiteElo "2649"]
[BlackElo "2482"]
[PlyCount "89"]
[TimeControl "900+10"]

1. d4 Nf6 2. c4 e6 3. Nf3 Bb4+ 4. Bd2 Qe7 5. g3 Bxd2+ 6. Qxd2 Nc6 7. Nc3 d5 8. Bg2 dxc4 9. Ne5 Nxe5 10. dxe5 Nd7 11. f4 Nb6 12. 0-0 0-0 13. Rfd1 Bd7 14. Bxb7 Rab8 15. Bf3 Ba4 16. Nxa4 Nxa4 17. Qa5 Nxb2 18. Rdc1 Rb6 19. Kg2 g6 20. Qxa7 Rfb8 21. a4 Qd8 22. a5 Rb3 23. Qf2 c6 24. a6 Qc7 25. a7 Ra8 26. Ra6 Rb7 27. Rxc6 Qd7 28. Rd6 Qb5 29. Bxb7 Qxb7+ 30. Kh3 Qxa7 31. Qxa7 Rxa7 32. Rc2 Rb7 33. Rdd2 Na4 34. Rxc4 Nb6 35. Rb4 Rd7 36. Rxd7 Nxd7 37. Rb5 h6 38. Kg2 g5 39. Kf3 Kg7 40. Ke4 Nf8 41. Rb7 Ng6 42. f5 exf5+ 43. Kxf5 Nf8 44. Re7 Kg8 45. Ke4 1-0

[Event "FIDE World Rapid-ch Open 2018"]
[White "Sargissian, Gabriel"]
[Black "Sanikidze, Tornike"]
[Site "St. Petersburg"]
[Round "1.44"]
[Annotator "ChessBase"]
[Result "1-0"]
[Date "2018.12.26"]
[WhiteElo "2689"]
[BlackElo "2507"]
[PlyCount "139"]
[TimeControl "900+10"]

1. d4 d5 2. c4 e6 3. Nf3 Nf6 4. g3 dxc4 5. Bg2 Nc6 6. Qa4 Bb4+ 7. Bd2 Nd5 8. Bxb4 Ndxb4 9. 0-0 Rb8 10. Na3 0-0 11. Qb5 b6 12. Qxc4 Ba6 13. Nb5 Qd5 14. Qxd5 Nxd5 15. a4 Na5 16. Ne5 Rbd8 17. Bxd5 Bxb5 18. axb5 Rxd5 19. b4 Nb3 20. Nc6 Nxa1 21. Ne7+ Kh8 22. Nxd5 Nc2 23. Nc3 Nxb4 24. Ra1 Ra8 25. Ra4 Nd5 26. Nxd5 exd5 27. Ra3 Kg8 28. Rc3 Rc8 29. Ra3 Ra8 30. Rc3 Rc8 31. Ra3 c5 32. Rxa7 Kf8 33. Ra6 c4 34. Ra2 Ke7 35. e3 c3 36. Rc2 Rc4 37. Kf1 Kd7 38. Ke2 Rb4 39. Rxc3 Rxb5 40. Rc2 h5 41. h4 g6 42. Kf3 Ra5 43. Kf4 f6 44. f3 Ra8 45. g4 hxg4 46. fxg4 Ra1 47. Rh2 Rf1+ 48. Kg3 Rg1+ 49. Kf3 Rf1+ 50. Ke2 Ra1 51. Rh3 Ke6 52. h5 g5 53. h6 Ra8 54. h7 Rh8 55. Kd3 Kf7 56. e4 dxe4+ 57. Kxe4 Kg7 58. d5 b5 59. d6 b4 60. Kf5 Kf7 61. Re3 b3 62. Rxb3 Kg7 63. Rb7+ Kh6 64. Rb1 Kg7 65. Rh1 Kf7 66. Ra1 Kg7 67. Ra7+ Kh6 68. d7 Rb8 69. Kxf6 Rd8 70. Ke7 1-0

[Event "FIDE World Rapid-ch Open 2018"]
[White "Belyakov, Bogdan"]
[Black "Shirov, Alexei"]
[Site "St. Petersburg"]
[Round "1.45"]
[Annotator "ChessBase"]
[Result "0-1"]
[Date "2018.12.26"]
[WhiteElo "2459"]
[BlackElo "2643"]
[PlyCount "75"]
[TimeControl "900+10"]

1. e4 e5 2. Nf3 Nc6 3. Bc4 Bc5 4. c3 Nf6 5. d4 exd4 6. cxd4 Bb4+ 7. Bd2 Nxe4 8. Bxb4 Nxb4 9. Qb3 Qe7 10. 0-0 d5 11. Bxd5 Nxd5 12. Qxd5 0-0 13. Re1 Nf6 14. Qc5 Qxc5 15. dxc5 Bg4 16. Ne5 Rad8 17. Nc3 Rd2 18. b4 Be6 19. a3 Rfd8 20. Nb5 Ne8 21. Nxa7 c6 22. b5 cxb5 23. Nxb5 R2d5 24. Rac1 Rc8 25. f4 g6 26. Kf2 Rdxc5 27. Rxc5 Rxc5 28. Nd4 Nc7 29. g3 Kg7 30. h4 Bd5 31. Re2 Ne6 32. Rd2 Nxd4 33. Rxd4 f6 34. Nd7 Rc2+ 35. Ke3 Be6 36. Rd6 Kf7 37. a4 Ke8 38. Kd4 0-1

[Event "FIDE World Rapid-ch Open 2018"]
[White "Melkumyan, Hrant"]
[Black "Sokolov, Andrei"]
[Site "St. Petersburg"]
[Round "1.46"]
[Annotator "ChessBase"]
[Result "0-1"]
[Date "2018.12.26"]
[WhiteElo "2670"]
[BlackElo "2532"]
[PlyCount "104"]
[TimeControl "900+10"]

1. e4 d6 2. d4 Nf6 3. Bd3 e5 4. c3 d5 5. dxe5 Nxe4 6. Nf3 Nc6 7. Nbd2 Nc5 8. Bc2 Bg4 9. 0-0 Be7 10. Re1 Qd7 11. b4 Ne6 12. Nb3 Bh5 13. Bf5 Bg6 14. Bh3 0-0 15. Be3 Bh5 16. Bc5 b6 17. Bd4 Rfd8 18. a3 Bf8 19. Re3 Qe8 20. Qd2 a5 21. b5 a4 22. Nc1 Na5 23. Re1 Qxb5 24. Bf5 Bg6 25. g4 Nc4 26. Qe2 Nf4 27. Qf1 Nxa3 28. Ne2 Bxf5 29. gxf5 Qd3 30. Nh4 Nc2 31. Nxf4 Qxf1+ 32. Kxf1 c5 33. Be3 d4 34. cxd4 cxd4 35. Bd2 b5 36. e6 Nxe1 37. Kxe1 b4 38. Nf3 b3 39. Nd3 a3 40. Bc1 b2 41. Nxb2 axb2 42. Bxb2 Rxa1+ 43. Bxa1 d3 44. Bc3 fxe6 45. fxe6 Re8 46. Kd2 Bc5 47. Ng5 Bxf2 48. Kxd3 Bh4 49. Nf3 Bd8 50. Ke4 Rxe6+ 51. Kf4 Bc7+ 52. Kg4 Re4+ 0-1

[Event "FIDE World Rapid-ch Open 2018"]
[White "Sanal, Vahap"]
[Black "Dreev, Aleksey"]
[Site "St. Petersburg"]
[Round "1.47"]
[Annotator "ChessBase"]
[Result "1/2-1/2"]
[Date "2018.12.26"]
[WhiteElo "2490"]
[BlackElo "2670"]
[PlyCount "101"]
[TimeControl "900+10"]

1. e4 c6 2. d4 d5 3. Nc3 dxe4 4. Nxe4 Bf5 5. Ng3 Bg6 6. h4 h6 7. Nf3 Nd7 8. h5 Bh7 9. Bd3 Bxd3 10. Qxd3 e6 11. Bd2 Ngf6 12. 0-0-0 Be7 13. Ne4 Nxe4 14. Qxe4 Nf6 15. Qe2 Qd5 16. c4 Qe4 17. Qxe4 Nxe4 18. Be3 0-0 19. Ne5 Rfd8 20. g4 Bf6 21. f3 Nd6 22. b3 b5 23. c5 Bxe5 24. dxe5 Ne8 25. Bf2 Nc7 26. Rd6 Nd5 27. Be1 Rxd6 28. cxd6 f6 29. exf6 Nxf6 30. Ba5 Kf7 31. Kd2 e5 32. Rc1 e4 33. Ke2 exf3+ 34. Kxf3 Nd7 35. b4 Ke6 36. Bc7 Rf8+ 37. Kg3 Kd5 38. Rd1+ Kc4 39. a3 Rf7 40. Re1 Nf6 41. Re7 Rxe7 42. dxe7 Kd5 43. Bb8 a6 44. Ba7 Ke6 45. Bc5 Kf7 46. Kf4 Nd7 47. Bd6 Nb6 48. Bc5 Nd7 49. Bd6 Nb6 50. Bc5 Nd7 51. Bd6 1/2-1/2

[Event "FIDE World Rapid-ch Open 2018"]
[White "Grachev, Boris"]
[Black "Zakhartsov, Vladimir"]
[Site "St. Petersburg"]
[Round "1.48"]
[Annotator "ChessBase"]
[Result "1-0"]
[Date "2018.12.26"]
[WhiteElo "2626"]
[BlackElo "2486"]
[PlyCount "219"]
[TimeControl "900+10"]

1. d4 Nf6 2. Nf3 g6 3. Nbd2 d5 4. e3 Bg7 5. b4 a5 6. b5 c5 7. bxc6 Nxc6 8. Bb5 0-0 9. 0-0 Bf5 10. Bxc6 bxc6 11. Ba3 Rb8 12. Ne5 Qc7 13. h3 Ne4 14. Nxe4 Bxe4 15. Nd3 Bxd3 16. cxd3 Rfc8 17. Rc1 Rb5 18. Rc2 e5 19. dxe5 Bxe5 20. d4 Bd6 21. Bxd6 Qxd6 22. Qd3 Rcb8 23. Rfc1 R8b6 24. Rc5 Qb8 25. Rxb5 Rxb5 26. g3 Qb7 27. Qc2 Rb6 28. Kg2 Qa6 29. Qc5 Kg7 30. Qd6 a4 31. a3 Qa8 32. Qe5+ Kg8 33. Qc7 Qa6 34. g4 h6 35. Qd8+ Kg7 36. Qd6 Qd3 37. Qe5+ Kh7 38. Qf6 Qe4+ 39. Kg3 Qe8 40. Rc5 Kg8 41. Rxd5 cxd5 42. Qxb6 Qe7 43. Qc5 Qd7 44. f3 Qe6 45. Kf2 g5 46. Ke2 Qa6+ 47. Kd2 Qb7 48. Qb4 Qa6 49. Qb8+ Kh7 50. Qc7 Qf6 51. Ke2 Qa6+ 52. Kf2 Qe6 53. Qc2+ Kg7 54. Qxa4 Qd6 55. Kg2 Qb6 56. Qc2 Qa5 57. Qd3 Qe1 58. e4 Qa1 59. exd5 Qa2+ 60. Kg1 Qxd5 61. Qc3 h5 62. gxh5 Kh6 63. Qe3 Qf5 64. h4 Qb1+ 65. Kg2 Qc2+ 66. Kh3 Qc8+ 67. Kg3 Qc7+ 68. Qe5 gxh4+ 69. Kxh4 Qd8+ 70. Kg3 Qg8+ 71. Kf2 Qd8 72. Qf4+ Kxh5 73. Qxf7+ Kh6 74. Qe6+ Kh7 75. Qe4+ Kh6 76. Kg3 Qg5+ 77. Qg4 Qa5 78. Qe6+ Kh7 79. Qe7+ Kg6 80. d5 Qc3 81. Qe4+ Kf7 82. a4 Qa1 83. Qf4+ Ke8 84. Qe3+ Kd7 85. Qe6+ Kd8 86. Qd6+ Ke8 87. Qc6+ Kd8 88. Qb6+ Kd7 89. Qb5+ Kd8 90. Kg2 Qa2+ 91. Kf1 Qa1+ 92. Ke2 Qe5+ 93. Kf1 Qa1+ 94. Kf2 Qd4+ 95. Kg3 Qg7+ 96. Kf4 Qh6+ 97. Ke4 Qg6+ 98. Ke3 Qg1+ 99. Ke4 Qg6+ 100. Kd4 Qf6+ 101. Kc5 Qc3+ 102. Qc4 Qe3+ 103. Kb5 Qxf3 104. a5 Qd1 105. Kc6 Qe1 106. Qc5 Qe8+ 107. Kb6 Qg6+ 108. d6 Qb1+ 109. Ka7 Qh7+ 110. Kb8 1-0

[Event "FIDE World Rapid-ch Open 2018"]
[White "Teterev, Vitaly"]
[Black "Timofeev, Artyom"]
[Site "St. Petersburg"]
[Round "1.49"]
[Annotator "ChessBase"]
[Result "0-1"]
[Date "2018.12.26"]
[WhiteElo "2486"]
[BlackElo "2589"]
[PlyCount "72"]
[TimeControl "900+10"]

1. Nf3 c5 2. e4 Nc6 3. Bb5 d6 4. 0-0 Bd7 5. Re1 Nf6 6. c3 a6 7. Bf1 Bg4 8. d4 cxd4 9. cxd4 e5 10. d5 Nd4 11. Be3 Nxf3+ 12. gxf3 Bd7 13. a4 Be7 14. Qb3 0-0 15. Qxb7 Nh5 16. Nd2 Bg5 17. Bg2 f5 18. exf5 Bxf5 19. Nf1 Bd3 20. Ng3 Rb8 21. Qc6 Bxe3 22. fxe3 Nxg3 23. hxg3 Qg5 24. Qxd6 Qxg3 25. Qe6+ Kh8 26. Qg4 Qxg4 27. fxg4 Rxb2 28. Bf1 Be4 29. d6 Bf3 30. Ra3 e4 31. Rc3 Rd2 32. d7 Rxd7 33. Bxa6 h5 34. gxh5 Rf5 35. Rc2 Rg5+ 36. Kh2 Rd6 0-1

[Event "FIDE World Rapid-ch Open 2018"]
[White "Kovalenko, Igor"]
[Black "Drygalov, Sergey"]
[Site "St. Petersburg"]
[Round "1.50"]
[Annotator "ChessBase"]
[Result "1/2-1/2"]
[Date "2018.12.26"]
[WhiteElo "2657"]
[BlackElo "2446"]
[PlyCount "107"]
[TimeControl "900+10"]

1. d4 d5 2. Nf3 Nf6 3. c4 c6 4. Nc3 e6 5. cxd5 exd5 6. Qc2 g6 7. Bg5 Be7 8. e3 Bf5 9. Qb3 Qb6 10. Nd2 Nbd7 11. h3 Qxb3 12. Nxb3 h6 13. Bf4 g5 14. Bh2 a5 15. a3 b5 16. f3 0-0 17. Be2 Nb6 18. Nc5 Bxc5 19. dxc5 Nc4 20. Bxc4 bxc4 21. Na4 Rfe8 22. Kf2 Ra7 23. Rac1 Rb7 24. Rhd1 Bd3 25. Rd2 Kg7 26. Rc3 Bg6 27. Bd6 Nd7 28. Rc1 Rb5 29. Re1 Ne5 30. Bxe5+ Rxe5 31. Rc1 Re7 32. g3 Bd3 33. Rc3 Reb7 34. Ke1 Kf6 35. Kf2 Ke6 36. Rc1 Rb8 37. Rh1 f5 38. g4 Rf8 39. Kg3 Rb7 40. Nb6 Rbf7 41. Rf2 fxg4 42. hxg4 Rxf3+ 43. Rxf3 Rxf3+ 44. Kxf3 Be4+ 45. Kf2 Bxh1 46. Nc8 Be4 47. Nd6 Bc2 48. Nb7 a4 49. Nd8+ Kd7 50. Nf7 Ke6 51. Nd8+ Kd7 52. Nf7 Ke6 53. Nd8+ Kd7 54. Nf7 1/2-1/2

[Event "FIDE World Rapid-ch Open 2018"]
[White "Carlsson, Pontus"]
[Black "Saric, Ivan"]
[Site "St. Petersburg"]
[Round "1.51"]
[Annotator "ChessBase"]
[Result "0-1"]
[Date "2018.12.26"]
[WhiteElo "2463"]
[BlackElo "2695"]
[PlyCount "66"]
[TimeControl "900+10"]

1. e4 g6 2. d4 Bg7 3. Nc3 d6 4. f4 Nf6 5. Nf3 0-0 6. Bd3 Nc6 7. 0-0 e5 8. dxe5 dxe5 9. f5 Nb4 10. Qe2 Nxd3 11. cxd3 gxf5 12. Bg5 h6 13. Bh4 Qd6 14. exf5 Bxf5 15. Nxe5 Bh7 16. Rae1 Nd7 17. Nxd7 Qxd7 18. Ne4 Qd4+ 19. Bf2 Qxb2 20. Qxb2 Bxb2 21. Rb1 Be5 22. Rxb7 Rfb8 23. Rfb1 Rxb7 24. Rxb7 Rd8 25. Bg3 Bd4+ 26. Bf2 Ba1 27. h3 Rxd3 28. Nc5 Rd1+ 29. Kh2 Be5+ 30. g3 Bd6 31. Rb8+ Kg7 32. Nb3 Be4 33. Bd4+ f6 0-1

[Event "FIDE World Rapid-ch Open 2018"]
[White "Savchenko, Boris"]
[Black "Maghsoodloo, Parham"]
[Site "St. Petersburg"]
[Round "1.52"]
[Annotator "ChessBase"]
[Result "0-1"]
[Date "2018.12.26"]
[WhiteElo "2562"]
[BlackElo "2688"]
[PlyCount "76"]
[TimeControl "900+10"]

1. e4 g6 2. d4 Bg7 3. Nc3 d6 4. Bg5 c6 5. Qd2 b5 6. f4 Nd7 7. Nf3 b4 8. Na4 a5 9. a3 Rb8 10. axb4 axb4 11. Bc4 Ngf6 12. e5 Ne4 13. Qe3 d5 14. Bd3 Nxg5 15. Nxg5 e6 16. h4 Qe7 17. Ke2 h6 18. Nf3 Ra8 19. h5 gxh5 20. f5 exf5 21. Rxh5 c5 22. c3 bxc3 23. bxc3 cxd4 24. cxd4 Qb4 25. Nh4 Rxa4 26. Rxa4 Qxa4 27. Nxf5 Ba6 28. Kf2 Bxd3 29. Qxd3 Bf8 30. Qc3 Qc4 31. Qb2 Rg8 32. Rh3 Rg5 33. Ne3 Qc6 34. Rh1 Qb6 35. Qa2 Qxd4 36. Rd1 Qf4+ 37. Ke2 Rxe5 38. Rd3 Bc5 0-1

[Event "FIDE World Rapid-ch Open 2018"]
[White "Kazhgaleyev, Murtas"]
[Black "Bocharov, Ivan"]
[Site "St. Petersburg"]
[Round "1.53"]
[Annotator "ChessBase"]
[Result "1-0"]
[Date "2018.12.26"]
[WhiteElo "2587"]
[BlackElo "2563"]
[PlyCount "143"]
[TimeControl "900+10"]

1. d4 d5 2. c4 c6 3. Nc3 Nf6 4. e3 a6 5. Nf3 Bf5 6. Qb3 Ra7 7. Nh4 Bc8 8. Qc2 e6 9. Nf3 dxc4 10. Bxc4 c5 11. 0-0 b5 12. Be2 Nbd7 13. Rd1 Bb7 14. b3 Qa8 15. Bb2 Be7 16. dxc5 Bxc5 17. Nxb5 axb5 18. Bxb5 Bxf3 19. gxf3 0-0 20. Bxf6 Nxf6 21. Qxc5 Rxa2 22. Rxa2 Qxa2 23. Bc4 Qc2 24. Qd6 h6 25. Qd3 Qb2 26. Qd4 Qc2 27. Qd3 Qb2 28. f4 Ra8 29. Rb1 Ra1 30. Rxa1 Qxa1+ 31. Kg2 Qa8+ 32. f3 Qa2+ 33. Qe2 Qb1 34. Qd2 g5 35. fxg5 hxg5 36. e4 Nh7 37. h3 Kf8 38. b4 Nf6 39. Qxg5 Qc2+ 40. Kg3 Qxc4 41. Qxf6 Qxb4 42. Kg4 Qb1 43. h4 Kg8 44. Kh5 Qb4 45. Kg5 Qc5+ 46. Kg4 Qb6 47. Kh5 Qb4 48. Qg5+ Kh7 49. Qe5 Kg8 50. Kg5 Qd2+ 51. Kh5 Qb4 52. Qf6 Qa3 53. Kg4 Qa2 54. Qg5+ Kh7 55. Qh5+ Kg7 56. Qe5+ Kh7 57. Qf6 Kg8 58. Kh5 Qa3 59. Qg5+ Kh7 60. Kg4 Qa1 61. Qe3 Qg7+ 62. Kh3 Qa1 63. e5 Kg6 64. Kg4 Kh7 65. Kh5 Qd1 66. Qf4 Qd7 67. Qh6+ Kg8 68. Qg5+ Kh7 69. Qf6 Qb7 70. Kg5 Qa7 71. Qh6+ Kg8 72. Kf6 1-0

[Event "FIDE World Rapid-ch Open 2018"]
[White "Jones, Gawain C B"]
[Black "Usmanov, Vasily"]
[Site "St. Petersburg"]
[Round "1.54"]
[Annotator "ChessBase"]
[Result "1/2-1/2"]
[Date "2018.12.26"]
[WhiteElo "2682"]
[BlackElo "2450"]
[PlyCount "150"]
[TimeControl "900+10"]

1. e4 d5 2. exd5 Qxd5 3. Nc3 Qd8 4. Bc4 c6 5. Nf3 Nf6 6. d4 b5 7. Bb3 e6 8. a4 b4 9. Ne2 Be7 10. a5 0-0 11. 0-0 Nbd7 12. Nf4 Ba6 13. Re1 c5 14. Ba2 c4 15. Qe2 Qxa5 16. Nxe6 fxe6 17. Qxe6+ Kh8 18. Bd2 Rae8 19. Ng5 c3 20. bxc3 bxc3 21. Be3 Ba3 22. Nf7+ Rxf7 23. Qxf7 Re7 24. Qb3 Bb2 25. Bg5 Qd8 26. Qb4 Re8 27. Bf7 Rf8 28. Rxa6 Rxf7 29. Rxa7 h6 30. Bh4 Nd5 31. Bxd8 Nxb4 32. Re2 Ne5 33. Re7 Rxe7 34. Bxe7 Nec6 35. Bxb4 Nxb4 36. Kf1 Kg8 37. Ke1 Bc1 38. Kd1 Bg5 39. Re5 Nc6 40. Rc5 Nxd4 41. Rxc3 Kf7 42. Rc7+ Kf6 43. c3 Ne6 44. Ra7 Ke5 45. Ra5+ Kd6 46. g3 Nc5 47. Ke2 Kd5 48. Kf3 Bf6 49. Ra3 Kc4 50. Kg4 Ne4 51. f3 Nxc3 52. Kf5 Nb5 53. Ra4+ Kd3 54. f4 Ke3 55. Kg6 Kf3 56. Kh5 Nd4 57. Ra3+ Kg2 58. Ra2+ Kh3 59. Rf2 Nf5 60. g4 Nh4 61. g5 hxg5 62. fxg5 Bd4 63. Rf4 g6+ 64. Kh6 Be5 65. Re4 Bxh2 66. Kg7 Bd6 67. Kf7 Kg3 68. Ra4 Bf4 69. Kf6 Kg4 70. Rb4 Kg3 71. Ra4 Kf3 72. Rb4 Kg4 73. Ra4 Nf3 74. Rxf4+ Kxf4 75. Kxg6 Nxg5 1/2-1/2

[Event "FIDE World Rapid-ch Open 2018"]
[White "Kevlishvili, Robby"]
[Black "Najer, Evgeniy"]
[Site "St. Petersburg"]
[Round "1.55"]
[Annotator "ChessBase"]
[Result "1-0"]
[Date "2018.12.26"]
[WhiteElo "2451"]
[BlackElo "2670"]
[PlyCount "93"]
[TimeControl "900+10"]

1. e4 e5 2. Nf3 Nc6 3. Bb5 a6 4. Ba4 Nf6 5. 0-0 Be7 6. Re1 b5 7. Bb3 0-0 8. d3 d6 9. a4 Bb7 10. Bd2 Qd7 11. Nc3 Na5 12. Ba2 c5 13. Ne2 Bd8 14. Ng3 c4 15. Nf5 cxd3 16. cxd3 bxa4 17. Bb4 Ne8 18. d4 exd4 19. N3xd4 g6 20. Nh6+ Kg7 21. Nxf7 Rxf7 22. Ne6+ Kg8 23. Nxd8 Qxd8 24. Qxa4 Nc6 25. Bc3 Qe7 26. Re3 Nc7 27. Bxf7+ Qxf7 28. Rf3 Qe7 29. Qb3+ Ne6 30. Bf6 Qd7 31. Rd1 Rc8 32. Qa3 Ncd4 33. Bxd4 Nxd4 34. Qa2+ Kg7 35. Rfd3 Nb5 36. Qa4 Qe6 37. f3 Qe5 38. Qb4 h5 39. Qd2 h4 40. h3 Rc4 41. Kh1 Qf6 42. Rc1 Rxc1+ 43. Qxc1 Qe5 44. Qd2 Kh7 45. Qf2 Qf4 46. Qe1 Bc8 47. Rd1 1-0

[Event "FIDE World Rapid-ch Open 2018"]
[White "Pantsulaia, Levan"]
[Black "Kobo, Ori"]
[Site "St. Petersburg"]
[Round "1.56"]
[Annotator "ChessBase"]
[Result "1-0"]
[Date "2018.12.26"]
[WhiteElo "2597"]
[BlackElo "2494"]
[PlyCount "69"]
[TimeControl "900+10"]

1. Nf3 d5 2. g3 g6 3. c4 dxc4 4. Na3 Bg7 5. Nxc4 Nc6 6. d3 e5 7. Bd2 Nge7 8. b4 Be6 9. Rc1 0-0 10. Bg2 a6 11. a4 Nd5 12. b5 axb5 13. axb5 Nd4 14. Nfxe5 Nxb5 15. 0-0 Na3 16. e3 Nxc4 17. Nxc4 Qd7 18. d4 Bh3 19. Bxh3 Qxh3 20. Qb3 b6 21. Ne5 Rad8 22. e4 Nf6 23. Rxc7 Ng4 24. Nxg4 Qxg4 25. Bb4 Bxd4 26. Bxf8 Rxf8 27. Qd5 Bc5 28. Qd3 h5 29. h4 Re8 30. Re1 Ra8 31. Qb3 Rf8 32. Kg2 Bd6 33. Rb7 Be5 34. Qd5 Bc3 35. Re3 1-0

[Event "FIDE World Rapid-ch Open 2018"]
[White "Christiansen, Johan-Sebastian"]
[Black "Demchenko, Anton"]
[Site "St. Petersburg"]
[Round "1.57"]
[Annotator "ChessBase"]
[Result "1/2-1/2"]
[Date "2018.12.26"]
[WhiteElo "2555"]
[BlackElo "2679"]
[PlyCount "89"]
[TimeControl "900+10"]

1. e4 c5 2. Nf3 Nc6 3. Bb5 Nf6 4. Nc3 Qc7 5. 0-0 Nd4 6. Re1 a6 7. Bf1 Ng4 8. g3 Nxf3+ 9. Qxf3 Ne5 10. Qe2 e6 11. Bg2 Be7 12. d3 h5 13. f4 Nc6 14. Nd5 exd5 15. exd5 Qd6 16. c3 f5 17. dxc6 dxc6 18. Be3 Be6 19. Bxc5 Qxc5+ 20. d4 Bc4 21. dxc5 Bxe2 22. Rxe2 Kf7 23. b4 Bf6 24. Rc1 Rhd8 25. Bf1 a5 26. a3 axb4 27. axb4 Ra3 28. Rec2 Rda8 29. Bc4+ Kf8 30. Kg2 Ra1 31. Rxa1 Rxa1 32. Be6 Ra3 33. Bxf5 Rxc3 34. Rxc3 Bxc3 35. Bc8 Bxb4 36. Bxb7 Bxc5 37. Bxc6 g6 38. Kf3 Kg7 39. Be8 Kh6 40. Ke4 Bg1 41. h3 Bf2 42. Kf3 Be1 43. g4 hxg4+ 44. hxg4 g5 45. Ke4 1/2-1/2

[Event "FIDE World Rapid-ch Open 2018"]
[White "Alekseev, Evgeny"]
[Black "Apryshko, Gleb"]
[Site "St. Petersburg"]
[Round "1.58"]
[Annotator "ChessBase"]
[Result "1-0"]
[Date "2018.12.26"]
[WhiteElo "2639"]
[BlackElo "2385"]
[PlyCount "67"]
[TimeControl "900+10"]

1. Nf3 g6 2. e4 Bg7 3. d4 d6 4. Bd3 Nc6 5. d5 Nb4 6. Be2 a5 7. c4 Nf6 8. Nc3 0-0 9. 0-0 c6 10. h3 Bd7 11. Be3 Qc7 12. Rc1 Rfd8 13. Qd2 Be8 14. Bh6 Bh8 15. Qe3 Na6 16. Rfe1 Nd7 17. Bf1 Nac5 18. Bg5 Kf8 19. Qf4 Ne5 20. Nxe5 Bxe5 21. Qh4 h5 22. g4 f6 23. Bh6+ Kg8 24. f4 Bd4+ 25. Kh2 Kh7 26. g5 Qb6 27. Rc2 Bf7 28. Qg3 e5 29. Kh1 exf4 30. Qxf4 Be5 31. Qd2 Re8 32. Bg2 Qb4 33. gxf6 Qxc4 34. Bg7 1-0

[Event "FIDE World Rapid-ch Open 2018"]
[White "AL-Sayed, Mohammed"]
[Black "Ponkratov, Pavel"]
[Site "St. Petersburg"]
[Round "1.59"]
[Annotator "ChessBase"]
[Result "1-0"]
[Date "2018.12.26"]
[WhiteElo "2484"]
[BlackElo "2630"]
[PlyCount "105"]
[TimeControl "900+10"]

1. e4 e6 2. d3 d5 3. Qe2 Nf6 4. Nf3 Nc6 5. e5 Nd7 6. g3 h6 7. h4 f6 8. exf6 Qxf6 9. Bg2 Bc5 10. 0-0 0-0 11. c4 Nde5 12. Nbd2 Kh8 13. Nxe5 Nxe5 14. Nb3 Bd6 15. c5 Be7 16. Bf4 Nd7 17. Bxc7 Nxc5 18. Be5 Qg6 19. Nxc5 Bxc5 20. d4 Bb6 21. h5 Qg5 22. a4 Bd7 23. a5 Bd8 24. Ra3 a6 25. f4 Qe7 26. Qg4 Rc8 27. Qg6 Kg8 28. f5 Qg5 29. Rb3 Qxg6 30. hxg6 Bb5 31. Rf2 Bxa5 32. Bd6 Rfd8 33. Be7 Rd7 34. f6 gxf6 35. Bxf6 Rdc7 36. Bh3 Re8 37. Be5 Rc1+ 38. Kg2 Bc7 39. Rbf3 Bxe5 40. dxe5 Re1 41. Rf7 Rxe5 42. Rxb7 Re2 43. Rxe2 Bxe2 44. Rb6 Kg7 45. Bxe6 d4 46. Bf5 Rd8 47. Rb7+ Kf6 48. Rf7+ Ke5 49. g7 Bc4 50. Rf8 Rd6 51. Bd3 Bd5+ 52. Kg1 Ba2 53. Rf5+ {[%emt 0:0:9]
 Kd5} 1-0

[Event "FIDE World Rapid-ch Open 2018"]
[White "Esipenko, Andrey"]
[Black "Bazeev, German"]
[Site "St. Petersburg"]
[Round "1.60"]
[Annotator "ChessBase"]
[Result "1/2-1/2"]
[Date "2018.12.26"]
[WhiteElo "2593"]
[BlackElo "2416"]
[PlyCount "54"]
[TimeControl "900+10"]

1. d4 Nf6 2. Nf3 e6 3. c4 b6 4. g3 Ba6 5. b3 Bb4+ 6. Bd2 Be7 7. Bg2 Bb7 8. 0-0 0-0 9. Nc3 d5 10. Ne5 Nbd7 11. Bf4 c6 12. e4 Bb4 13. exd5 cxd5 14. Rc1 Bxc3 15. Rxc3 Rc8 16. Bg5 h6 17. Nxd7 Qxd7 18. Bxf6 gxf6 19. Qg4+ Kh7 20. Qf4 f5 21. Rfc1 dxc4 22. Bxb7 Qxb7 23. bxc4 Qe4 24. Qd6 Rcd8 25. Qa3 Qxd4 26. c5 bxc5 27. Rc4 Qd6 1/2-1/2

[Event "FIDE World Rapid-ch Open 2018"]
[White "Grigoriants, Sergey"]
[Black "Lomasov, Semyon"]
[Site "St. Petersburg"]
[Round "1.62"]
[Annotator "ChessBase"]
[Result "1/2-1/2"]
[Date "2018.12.26"]
[WhiteElo "2540"]
[BlackElo "2553"]
[PlyCount "39"]
[TimeControl "900+10"]

1. Nf3 Nf6 2. c4 c5 3. Nc3 Nc6 4. e3 e6 5. d4 d5 6. cxd5 exd5 7. Be2 cxd4 8. Nxd4 Bd6 9. 0-0 0-0 10. Nf3 Bg4 11. h3 Bh5 12. b3 Rc8 13. Bb2 a6 14. Nh4 Bg6 15. Nxg6 hxg6 16. Bf3 Be5 17. Rb1 d4 18. exd4 Bxd4 19. Na4 Ba7 20. Rc1 1/2-1/2

[Event "FIDE World Rapid-ch Open 2018"]
[White "Bilguun, Sumiya"]
[Black "Mchedlishvili, Mikheil"]
[Site "St. Petersburg"]
[Round "1.63"]
[Annotator "ChessBase"]
[Result "0-1"]
[Date "2018.12.26"]
[WhiteElo "2497"]
[BlackElo "2610"]
[PlyCount "98"]
[TimeControl "900+10"]

1. e4 c5 2. Nf3 e6 3. d4 cxd4 4. Nxd4 Nc6 5. Nc3 Qc7 6. g3 a6 7. Bg2 d6 8. Nxc6 bxc6 9. 0-0 Nf6 10. Na4 Bb7 11. c4 c5 12. Re1 Nd7 13. b3 Be7 14. Bb2 0-0 15. Qd2 Ne5 16. Rad1 Rfd8 17. Bc3 Nc6 18. Bb2 Rab8 19. Qe3 e5 20. Nc3 Nd4 21. Qd2 Bf6 22. Nd5 Bxd5 23. exd5 g6 24. Bc3 Re8 25. Ba5 Qd7 26. b4 Rec8 27. Rb1 cxb4 28. Rec1 b3 29. Bb4 Rxb4 30. Qxb4 Ne2+ 31. Kf1 Nxc1 32. Rxc1 bxa2 33. Qa3 Bg5 34. Rc2 Qg4 35. f3 Qd4 36. Qxa2 Qd3+ 37. Ke1 Rb8 38. h4 Bd8 39. c5 dxc5 40. Rd2 Qe3+ 41. Kf1 Ba5 42. Re2 Qc1+ 43. Kf2 Bc3 44. g4 Qf4 45. Kg1 Bd4+ 46. Kh1 Qf6 47. g5 Qf4 48. Re4 Qc1+ 49. Kh2 Rb2 0-1